AoeStats
← Jack Sparrow

Coastal Forest

510396999Analyzed
4v4 RM · 22h ago on Sep 30, 2026· 69m 17s· 8 players
Game mode
Random Map
Map size
Large (8 player)
Population
200
Speed
Normal
Resources
Standard
Victory
Conquest
Starting age
Dark Age
Ending age
Imperial Age
RankedLock teamsTeams togetherTeam positionsShared explorationLock speedFull tech treeHidden civsTurbo modeCheats
Victory
Defeat
🇪🇸 Goths · Spain
1060
+12
🇹🇷 Teutons · Türkiye
1046
+13
🇷🇺 Celts · Russia
1030
+14
🇧🇷 Varangians · Brazil
1025
+14
🇩🇪 Goths · Germany
1049
-16
996
-14
🇩🇪 Mongols · Germany
952
-26
🇩🇪 Khmer · Germany
912
-11
Cairo
0:34 Loom
13:49 Feudal Age
14:02 Man-at-Arms
14:57 Double-Bit Axe
17:20 Forging
17:11 Scale Mail Armor
19:31 Fletching
24:20 Castle Age
24:00 Gold Mining
24:02 Stone Mining
24:51 Padded Archer Armor
24:25 Elite Skirmisher
26:43 Town Watch
29:51 Stone Shaft Mining
30:05 Ballistics
31:12 Wheelbarrow
33:47 Horse Collar
34:23 Hand Cart
34:38 Pikeman
36:30 Iron Casting
36:10 Chain Mail Armor
36:42 Bow Saw
36:40 Gambesons
41:47 Imperial Age
43:41 Onager
44:57 Heavy Scorpion
49:52 Town Patrol
49:55 Heavy Plow
50:58 Chemistry
49:54 Murder Holes
49:42 Siege Onager
52:52 Furor Celtica
Faramir
1:41 Loom
12:07 Feudal Age
13:15 Man-at-Arms
16:28 Forging
20:12 Double-Bit Axe
21:51 Wheelbarrow
21:11 Horse Collar
22:26 Scale Mail Armor
29:43 Castle Age
28:29 Gold Mining
28:53 Stone Mining
30:52 Bow Saw
30:04 Long Swordsman
30:09 Pikeman
31:27 Squires
32:50 Heavy Plow
33:59 Stone Shaft Mining
34:10 Hand Cart
41:34 Imperial Age
39:28 Anarchy
40:38 Chain Mail Armor
41:35 Iron Casting
41:55 Town Watch
43:34 Blast Furnace
43:04 Conscription
42:34 Halberdier
43:55 Crop Rotation
44:28 Two-Man Saw
45:12 Capped Ram
46:08 Elite Huskarl
48:49 Two-Handed Swordsman
49:42 Fletching
49:53 Padded Archer Armor
49:59 Scale Barding Armor
49:58 Perfusion
49:26 Champion
50:35 Town Patrol
51:06 Ballistics
51:47 Chemistry
50:58 Masonry
50:29 Treadmill Crane
50:39 Sappers
51:10 Bodkin Arrow
51:31 Leather Archer Armor
57:00 Architecture
60:40 Bracer
61:11 Ring Archer Armor
61:02 Chain Barding Armor
65:28 Heavy Scorpion
66:15 Caravan
66:46 Coinage
66:26 Guilds
66:34 Murder Holes
66:31 Heated Shot
66:53 Careening
66:53 Clinker Construction
66:34 Spies/Treason
67:40 Onager
68:34 Fervor
68:45 Sanctity
68:26 Devotion
68:52 Illumination
69:03 Theocracy
68:24 Herbal Medicine
68:42 Siphons
Jack Sparrow
4:31 Loom
16:34 Feudal Age
22:13 Castle Age
20:06 Gold Mining
20:08 Stone Mining
20:31 Forging
20:21 Scale Mail Armor
20:28 Double-Bit Axe
24:50 Iron Casting
24:31 Chain Mail Armor
24:06 Fletching
27:57 Bow Saw
28:57 Bodkin Arrow
31:32 Wheelbarrow
35:09 Imperial Age
35:07 Fortified Wall
35:32 Elite Teutonic Knight
37:17 Chemistry
36:38 Ballistics
37:19 Stone Shaft Mining
38:06 Plate Mail Armor
38:37 Blast Furnace
39:27 Hand Cart
64:00 Siege Engineers
marcosprojj
2:56 Loom
14:38 Feudal Age
19:11 Castle Age
17:07 Double-Bit Axe
20:08 Scale Barding Armor
21:16 Forging
25:40 Horse Collar
26:12 Bow Saw
28:51 Stone Mining
36:41 Imperial Age
35:33 Chain Barding Armor
35:50 Iron Casting
34:40 Vendel Legacy
36:20 Bloodlines
36:11 Husbandry
36:55 Gold Mining
40:34 Cavalier
42:18 Heavy Plow
41:52 Light Cavalry
43:15 Hussar
46:45 Plate Barding Armor
47:11 Blast Furnace
47:50 Wheelbarrow
48:44 Scale Mail Armor
48:10 Elite Varangian Guard
48:36 Arson
48:52 Squires
48:22 Gothikon
51:32 Chain Mail Armor
61:34 Fishing Lines
Thranquilo
2:01 Loom
10:09 Feudal Age
10:44 Double-Bit Axe
10:26 Man-at-Arms
20:09 Fletching
25:51 Castle Age
26:47 Pikeman
27:28 Squires
26:56 Crossbowman
28:14 Bodkin Arrow
32:05 Bow Saw
32:33 Wheelbarrow
32:07 Light Cavalry
32:57 Bloodlines
33:26 Husbandry
37:43 Horse Collar
38:33 Heavy Plow
42:48 Imperial Age
40:49 Scale Barding Armor
40:45 Scale Mail Armor
40:56 Forging
41:53 Chain Mail Armor
41:39 Long Swordsman
42:55 Halberdier
43:39 Perfusion
44:27 Iron Casting
43:17 Two-Handed Swordsman
46:33 Crop Rotation
SameXXXX
11:54 Feudal Age
12:54 Horse Collar
13:03 Double-Bit Axe
23:41 Castle Age
23:06 Fishing Lines
26:38 Wheelbarrow
26:18 Gold Mining
26:43 Bow Saw
28:13 Gold Shaft Mining
31:12 Stone Mining
35:17 Imperial Age
33:25 Stone Shaft Mining
35:34 Elite Mangudai
37:19 Caravan
37:21 Loom
38:32 Hand Cart
38:58 Parthian Tactics
41:07 Conscription
41:12 Drill
40:58 Nomads
42:33 Chemistry
42:57 Heavy Scorpion
44:04 Heavy Plow
45:42 Scale Barding Armor
45:38 Padded Archer Armor
45:28 Fletching
45:49 Forging
48:24 Town Watch
49:06 Husbandry
49:17 Bloodlines
49:44 Iron Casting
49:05 Bodkin Arrow
49:26 Leather Archer Armor
49:31 Chain Barding Armor
49:26 Thumb Ring
Wilhelm Tell
2:48 Loom
3:33 Loom
11:31 Feudal Age
17:01 Double-Bit Axe
20:10 Castle Age
20:30 Crossbowman
24:17 Bow Saw
28:09 Padded Archer Armor
28:00 Fletching
28:34 Pikeman
29:00 Arson
30:26 Wheelbarrow
29:53 Gold Mining
29:50 Horse Collar
33:32 Bodkin Arrow
33:52 Leather Archer Armor
34:43 Heavy Plow
38:38 Imperial Age
36:48 Tusk Swords
37:14 Hand Cart
45:35 Bloodlines
45:26 Husbandry
45:57 Elite Battle Elephant
47:30 Ballistics
52:06 Forging
51:57 Scale Mail Armor
52:02 Scale Barding Armor
52:28 Ring Archer Armor
51:58 Bracer
54:34 Hoardings
53:30 Sappers
54:13 Masonry
54:09 Siege Engineers
53:59 Murder Holes
54:15 Fortified Wall
54:16 Clinker Construction
53:57 Guard Tower
54:06 Town Watch
56:04 Heated Shot
56:46 Architecture
59:43 Light Cavalry
60:37 Capped Ram
DrunkDriveAnarchoGamblinmaster67
8:57 Loom
11:56 Feudal Age
16:49 Castle Age
15:28 Double-Bit Axe
17:12 Horse Collar
18:04 Bloodlines
18:22 Heavy Plow
21:06 Husbandry
25:13 Scale Barding Armor
28:09 Light Cavalry
29:02 Forging
32:36 Bow Saw
34:14 Wheelbarrow
34:46 Chain Barding Armor
35:02 Iron Casting
41:23 Imperial Age
38:59 Scale Mail Armor
39:15 Detinets
39:03 Man-at-Arms
39:44 Squires
40:07 Chain Mail Armor
42:27 Hussar
42:32 Long Swordsman
44:34 Blast Furnace
44:05 Plate Mail Armor
44:11 Plate Barding Armor
43:02 Capped Ram
43:16 Two-Handed Swordsman
43:55 Champion
46:13 Siege Ram
Connection lost

Rejoining the realm…

Still unreachable

The connection could not be restored.

Session expired

The server has moved on; the page needs a fresh start.